 Dungeon Crawl Stone Soup version 0.27-a0-1431-gcffa5a9b16 (webtiles) character file.

Game seed: 10904109576085186161

137 freelancePsychic the Poker (level 5, -1/42 HPs)
             Began as a Human Berserker on July 2, 2021.
             Was a Believer of Trog.
             Slain by Ijyb (4 damage)
             ... on level 3 of the Dungeon.
             The game lasted 00:03:19 (1807 turns).

freelancePsychic the Poker (Human Berserker)        Turns: 1807, Time: 00:03:19

Health: -1/42      AC:  6    Str: 19    XL:     5   Next: 44%
Magic:  0/5        EV: 11    Int:  7    God:    Trog [**....]
Gold:   71         SH:  0    Dex: 12    Spells: 4/4 levels left

rFire    . . .     SeeInvis .   a - +0 spear
rCold    . . .     Faith    .   (no shield)
rNeg     . . .     Spirit   +   c - +0 ring mail
rPois    .         Reflect  .   (no helmet)
rElec    .         Harm     .   (no cloak)
rCorr    .         Rampage  .   e - +0 pair of gloves
Will     .....                  (no boots)
Stlth    +.........             d - amulet of guardian spirit
HPRegen  0.14/turn              (no ring)
MPRegen  0.09/turn              (no ring)

@: on berserk cooldown, slowed, very slow
A: no striking features
a: Renounce Religion, Berserk, Trog's Hand


You were on level 3 of the Dungeon.
You worshipped Trog.
Trog was pleased with you.
You visited 1 branch of the dungeon, and saw 3 of its levels.

You collected 71 gold pieces.

Inventory:

Hand Weapons
 a - a +0 spear (weapon)
Armour
 c - a +0 ring mail (worn)
 e - a +0 pair of gloves (worn)
Jewellery
 d - an amulet of guardian spirit (around neck)
Potions
 b - a potion of cancellation
 g - a potion of curing {unknown}
 i - a potion of flight {unknown}


   Skills:
 + Level 4.0 Fighting
 * Level 5.0 Polearms
 - Level 2.0 Armour
 - Level 2.0 Dodging


You had 4 spell levels left.
You didn't know any spells.
Your spell library was empty.

Dungeon Overview and Level Annotations

Branches:
Dungeon (3/15)

Altars:

Shops:
D:2 :

Annotations:
D:3 Ijyb


Message History

Press: ? - help, Dir - move target, f/p - Ijyb
Aim: Ijyb, wielding a +0 mace, wearing a +0 leather armour and carrying a wand of mindburst (12) (about 42% to evade your +0 spear)
You hit Ijyb.
Ijyb is lightly wounded.
Ijyb hits you with a +0 mace.
Reach: a) +0 spear
Press: ? - help, Dir - move target, f/p - Ijyb
Aim: Ijyb, wielding a +0 mace, wearing a +0 leather armour and carrying a wand of mindburst (12) (lightly wounded, about 42% to evade your +0 spear)
You closely miss Ijyb.
Ijyb is lightly wounded.
Reach: a) +0 spear
Press: ? - help, Dir - move target, f/p - Ijyb
Aim: Ijyb, wielding a +0 mace, wearing a +0 leather armour and carrying a wand of mindburst (12) (lightly wounded, about 42% to evade your +0 spear)
You puncture Ijyb!
Ijyb is heavily wounded.
Ijyb barely misses you.
Reach: a) +0 spear
Press: ? - help, Dir - move target, f/p - Ijyb
Aim: Ijyb, wielding a +0 mace, wearing a +0 leather armour and carrying a wand of mindburst (12) (heavily wounded, about 42% to evade your +0 spear)
You closely miss Ijyb.
Ijyb is heavily wounded.
You are no longer berserk.
You are exhausted.
You feel yourself slow down.
You hit Ijyb.
Ijyb is severely wounded.
Ijyb screams, "Die!"
Ijyb zaps a wand.
Your mind is blasted!
Ouch! That really hurt!
* * * LOW HITPOINT WARNING * * *
You hit Ijyb.
Ijyb is severely wounded.
Ijyb hits you but does no damage. Ijyb hits you with a +0 mace.
* * * LOW HITPOINT WARNING * * *
It was a potion of berserk rage.
You're still recovering from your berserk rage.
Ijyb grins evilly.
Ijyb hits you with a +0 mace.
You die...

.........##########
#.......)..).<... #
#....)[##########
.. ###......# ...
#..####..#
....##.....†..##
......?.).........#
....##..#####..##.#
. #.@..........
#.g#.########.#
#... ... .. #.#.
#### . #... #...
.#. ...


You could see Ijyb.

Vanquished Creatures
  A scorpion (D:2)
  Jessica (D:3)
  An adder (D:2)
  An orc (D:3)
  6 ball pythons
  3 bats
  5 endoplasms
  2 giant cockroaches
  2 goblins (D:2)
  3 hobgoblins (D:2)
  5 jackals
  A quokka (D:1)
  4 frilled lizards
  4 kobolds
  3 rats
42 creatures vanquished.

Notes
Turn   | Place    | Note
-------+----------+-------------------------------------------
     0 | D:1      | freelancePsychic the Human Berserker began the quest for
                  | the Orb.
     0 | D:1      | Reached XP level 1. HP: 18/18 MP: 1/1
   176 | D:1      | Found a faded altar of an unknown god.
   199 | D:1      | Reached XP level 2. HP: 23/24 MP: 2/2
   728 | D:1      | Reached XP level 3. HP: 29/29 MP: 3/3
  1126 | D:2      | Reached ** piety under Trog
  1144 | D:2      | Reached skill level 4 in Polearms
  1295 | D:2      | Noticed a scorpion
  1302 | D:2      | Killed a scorpion
  1303 | D:2      | Reached XP level 4. HP: 37/37 MP: 4/4
  1419 | D:2      | Reached XP level 5. HP: 42/42 MP: 5/5
  1535 | D:2      | Found Kageysche's Book Emporium.
  1783 | D:3      | Noticed Jessica
  1789 | D:3      | Noticed Ijyb
  1794 | D:3      | Killed Jessica
  1795 | D:3      | Reached skill level 5 in Polearms
  1806 | D:3      | HP: 2/42 [Ijyb (1)]
  1807 | D:3      | Slain by Ijyb

Illustrated notes

Levels and vault maps discovered:
D:1:      amcnicky_arrival_choice, layout_basic, shapermc_ecumenical_altar_venn
D:2:      layout_rooms, serial_shops, shop, minmay_between
D:3:      layout_rooms, cheibrodos_sewer_entry_bend, minivault_27, uniq_ijyb,
          uniq_jessica

Skill      XL: |  1  2  3  4  5 |
---------------+----------------+-----
Polearms       | 4 5 |  5.0
Fighting       | 4 |  4.0
Armour         | |  2.0
Dodging        | |  2.0

Action                   |  1- 3 |  4- 6 || total
-------------------------+-------+-------++-------
Melee: Spear             |   104 |    58 ||   162
Invok: Berserk           |     4 |     2 ||     6
  Use: Scroll            |       |     2 ||     2
       Potion            |       |     1 ||     1
Armor: Ring mail         |    28 |    13 ||    41
Dodge: Dodged            |    34 |    21 ||    55

Table legend: (Time is in decaauts)
 A = Elapsed time spent in this place.
 B = Non-inter-level travel time spent in this place.
 C = Inter-level travel time spent in this place.
 D = Time resting spent in this place.
 E = Time spent auto-exploring this place.
 F = Levels seen in this place.
 G = Mean time per level.
                   A        B        C        D        E       F      G
               +--------+--------+--------+--------+--------+-----+--------+
         Total |   1839 |   1738 |    101 |    249 |   1189 |   3 |  613.0 |
       Dungeon |   1839 |   1738 |    101 |    249 |   1189 |   3 |  613.0 |
               +--------+--------+--------+--------+--------+-----+--------+

Top non-repeatable levels by time:
     D:1: 992 daAuts
     D:2: 803 daAuts
     D:3: 42 daAuts
